 Dungeon Crawl Stone Soup version 0.31-a0-963-ga325b2283a (webtiles) character file.

Game seed: 7266724882087374527

56 sammy202020 the Trooper (level 3, 33/33 HPs)
             Began as an Armataur Berserker on Oct 25, 2023.
             Was a Believer of Trog.
             Quit the game on level 3 of the Dungeon.
             The game lasted 00:03:35 (2332 turns).

sammy202020 the Trooper (Armataur Berserker)        Turns: 2332, Time: 00:03:36

Health: 33/33      AC: 10    Str: 22    XL:     3   Next: 71%
Magic:  2/3        EV:  6    Int:  9    God:    Trog [**....]
Gold:   137        SH:  0    Dex:  9    Spells: 2/2 levels left

rFire   . . .        h - +2 whip (venom)
rCold   . . .        (no shield)
rNeg    . . .        b - +0 chain mail
rPois   .            r - +1 helmet
rElec   .            (no cloak)
rCorr   .            (no gloves)
SInv    .            (no barding)
Will    .....        (no amulet) Stlth
                     (no ring)
HPRegen 0.25/turn    (no ring)
MPRegen 0.08/turn

%: roll
@: no status effects
A: large, rugged brown scales 3, deformed body, armoured tail, roll, long
tongue, awkward tongue, mutation resistance 1, screaming 1, MP-powered wands
a: Renounce Religion, Berserk, Trog's Hand


You were on level 3 of the Dungeon.
You worshipped Trog.
Trog was pleased with you.
You visited 1 branch of the dungeon, and saw 3 of its levels.

You collected 137 gold pieces.

Inventory:

Hand Weapons
 a - a +0 mace
 h - a +2 whip of venom (weapon)
Armour
 b - a +0 chain mail (worn)
 r - a +1 helmet (worn)
Jewellery
 g - a ring of fire
 n - a ring of magical power
Wands
 j - a wand of flame (9)
Scrolls
 l - a scroll of torment {unknown}
 m - a scroll of amnesia {unknown}
 o - 3 scrolls of fear {unknown}
 q - a scroll of enchant armour {unknown}
 s - a scroll of enchant weapon {unknown}
Potions
 d - a potion of degeneration {unknown}
 e - a potion of haste {unknown}
 i - a potion of curing {unknown}
 k - a potion of berserk rage {unknown}
 p - a potion of brilliance {unknown}


   Skills:
 * Level 3.2 Fighting
 * Level 3.2 Maces & Flails
 * Level 3.2 Armour
 + Level 1.7 Dodging


You had 2 spell levels left.
You didn't know any spells.
Your spell library was empty.

Dungeon Overview and Level Annotations

Branches:
Dungeon (3/15)

Altars:


Innate Abilities, Weirdness & Mutations

You are completely covered in rugged brown scales. (AC +3, +7% HP)
Armour fits poorly on your strangely shaped body.
You have a long armoured tail.
You roll when moving toward enemies. (Rampage)
Your long tongue fully drains potion bottles. (2x potion effects)
Your tongue gives you trouble enunciating. (1.5x scroll delay)
You are somewhat resistant to further mutation.
You occasionally shout uncontrollably at your foes.
You expend magic power (3 MP) to strengthen your wands.


Message History

There is an open door here.
q - a scroll labelled BAJUCS ENAIDON You open the door.
There is an open door here.
Found a stone staircase leading up.
Found a ring mail.
No target in view!
No target in view!
No target in view!
No target in view!
No target in view!
No target in view!
No target in view!
No target in view!
No target in view!
No target in view!
No target in view!
No target in view!
No target in view!
You now have 137 gold pieces (gained 18).
You see here a +1 helmet.
r - a +1 helmet You start putting on your armour.
You continue putting on your +1 helmet. x4
You finish putting on your +1 helmet.
s - a scroll labelled UJUPAM BIPIMO As you slowly read the scroll labelled IRUMMO DASHRAT, it crumbles to dust.
It is a scroll of identify.
f - 2 potions of mutation
Okay, then.
You feel extremely strange.
You feel less energetic.
You feel stupid.
You feel stronger.
You slurp down every last drop of the potion of mutation!
You feel extremely strange.
You feel clever.
You feel weaker.
You feel more energetic.
You feel the urge to shout.
You feel your magical essence link to the dungeon's wands.
You feel genetically stable.
You slurp down every last drop of the potion of mutation!
Unknown command.
Are you sure you want to abandon this character and quit the game? (Confirm with "yes".)

#..# #.##..#.# ###..#
#.##..... #....#
#.###.#.. . #<..#
#.####...
...###...#######........
........................
..####...###########....
##..## ##... #..@# ##..
##..# #.. ##.# ... #.#
.#.# #.# .#. ..# ###


There were no monsters in sight!

Vanquished Creatures
  An adder (D:2)
  2 dart slugs
  An orc (D:3)
  3 endoplasms
  2 giant cockroaches
  2 goblins (D:1)
  3 hobgoblins
  5 quokkas
  2 ball pythons
  7 bats
  6 frilled lizards
  3 kobolds
  4 rats
41 creatures vanquished.

Notes
Turn   | Place    | Note
-------+----------+-------------------------------------------
     0 | D:1      | sammy202020 the Armataur Berserker began the quest for the
                  | Orb.
     0 | D:1      | Reached XP level 1. HP: 19/19 MP: 1/1
   221 | D:1      | Found a faded altar of an unknown god.
   254 | D:1      | Reached XP level 2. HP: 25/26 MP: 2/2
  1136 | D:2      | Reached XP level 3. HP: 29/33 MP: 3/3
  1139 | D:2      | Reached ** piety under Trog
  2330 | D:3      | Gained mutation: Your magical capacity is low. (-10% MP)
                  | [potion of mutation]
  2330 | D:3      | Gained mutation: You are dopey. (Int -2) [potion of
                  | mutation]
  2330 | D:3      | Gained mutation: Your muscles are strong. (Str +4, Int/Dex
                  | -1) [potion of mutation]
  2331 | D:3      | Lost mutation: You are dopey. (Int -2) [potion of mutation]
  2331 | D:3      | Lost mutation: Your muscles are strong. (Str +4, Int/Dex
                  | -1) [potion of mutation]
  2331 | D:3      | Lost mutation: Your magical capacity is low. (-10% MP)
                  | [potion of mutation]
  2331 | D:3      | Gained mutation: You occasionally shout uncontrollably at
                  | your foes. [potion of mutation]
  2331 | D:3      | Gained mutation: You expend magic power (3 MP) to
                  | strengthen your wands. [potion of mutation]
  2331 | D:3      | Gained mutation: You are somewhat resistant to further
                  | mutation. [potion of mutation]
  2332 | D:3      | Quit the game

Illustrated notes

Levels and vault maps discovered:
D:1:      psy_arrival_terrarium, layout_basic,
          ebering_ecumenical_altar_abandoned, st_stairs_9, kennysheep_boxes
D:2:      layout_loops_ring, serial_forest, infiniplex_forest_zigzag_1,
          infiniplex_forest_zigzag_2, infiniplex_forest_lined_3,
          infiniplex_forest_end_3, infiniplex_forest_clump_large,
          infiniplex_forest_join, infiniplex_forest_lined_1,
          infiniplex_forest_straight_4
D:3:      layout_loops_corners, uniq_pargi

Skill      XL: |  1  2 |
---------------+-------+-----
Maces & Flails | 3 |  3.2
Fighting       | 3 |  3.2
Armour         | 3 |  3.2
Dodging        | |  1.7

Action                     || total
---------------------------++-------
  Melee: Mace              ||    39
         Tailslap          ||    16
         Whip              ||   106
    Use: Potion            ||     2
         Scroll            ||     1
 Armour: Animal skin       ||    53
         Chain mail        ||    18
         Scale mail        ||     2
  Dodge: Dodged            ||    55

Table legend: (Time is in decaauts)
 A = Elapsed time spent in this place.
 B = Non-inter-level travel time spent in this place.
 C = Inter-level travel time spent in this place.
 D = Time resting spent in this place.
 E = Time spent auto-exploring this place.
 F = Levels seen in this place.
 G = Mean time per level.
                   A        B        C        D        E       F      G
               +--------+--------+--------+--------+--------+-----+--------+
         Total |   2335 |   2135 |    200 |      0 |   1731 |   3 |  778.3 |
       Dungeon |   2335 |   2135 |    200 |      0 |   1731 |   3 |  778.3 |
               +--------+--------+--------+--------+--------+-----+--------+

Top non-repeatable levels by time:
     D:2: 961 daAuts
     D:1: 898 daAuts
     D:3: 475 daAuts
